 Dungeon Crawl Stone Soup version 0.25-a0-317-g5f8687bca5 (webtiles) character file.

Game seed: 5897630456989517093, levelgen mode: deterministic

67 DerDa the Firebug (level 4, 0/27 HPs)
             Began as an Octopode Fire Elementalist on Dec 27, 2019.
             Slain by an adder (4 damage)
             ... on level 2 of the Dungeon.
             The game lasted 00:05:27 (1173 turns).

DerDa the Firebug (Octopode Fire Elementalist)      Turns: 1173, Time: 00:05:27

Health: 0/27       AC:  1    Str:  7    XL:     4   Next: 16%
Magic:  4/8        EV: 16    Int: 18    God:
Gold:   64         SH:  0    Dex: 12    Spells: 8/9 levels left

rFire    . . .     SeeInvis .   a - +0 short sword
rCold    + . .     Gourm    .   (no shield)
rNeg     . . .     Faith    .   (helmet restricted)
rPois    .         Spirit   .   (no amulet)
rElec    .         Reflect  .   k - +3 ring of evasion
rCorr    .         Harm     .   (no ring)
MR       .....                  (no ring)
Stlth    +++.......             (no ring)
HPRegen  0.09/turn              (no ring)
MPRegen  0.11/turn              (no ring)
                                (no ring)
                                (no ring)

@: lethally poisoned (0 -> -2)
A: almost no armour, stealthy swim, amphibious, 8 rings, constrict 8, camouflage
1, blurry vision 1, cold resistance 1, gelatinous body 1
a: no special abilities


You were on level 2 of the Dungeon.
You were not hungry.

You visited 1 branch of the dungeon, and saw 2 of its levels.

You collected 64 gold pieces.

Inventory:

Hand Weapons
 a - a +0 short sword (weapon)
 c - a +0 hunting sling
 n - a +0 hunting sling
Missiles
 f - 25 bolts
 i - 105 stones (quivered)
 p - a throwing net
Jewellery
 k - a +3 ring of evasion (left tentacle)
Scrolls
 d - 3 scrolls of identify {unknown}
 e - a scroll of fog {unknown}
 g - a scroll of remove curse {unknown}
 h - a scroll of teleportation {unknown}
 l - a scroll of noise {unknown}
Potions
 m - a potion of degeneration {unknown}
 o - 3 potions of curing {unknown}
Comestibles
 b - 3 rations
 j - 2 chunks of flesh


   Skills:
 - Level 2.0 Dodging
 - Level 2.6 Stealth
 * Level 3.1 Spellcasting
 + Level 2.0 Conjurations
 + Level 3.5 Fire Magic


You had 8 spell levels left.
You knew the following spells:

 Your Spells              Type           Power        Failure   Level  Hunger
a - Foxfire               Conj/Fire      ##..         4%          1    None

Your spell library contained the following spells:

 Spells                   Type           Power        Failure   Level  Hunger
 Conjure Flame            Conj/Fire      ##......     16%         3    ###....
 Inner Flame              Hex/Fire       #.......     24%         3    ###....
 Sticky Flame             Conj/Fire      ##......     45%         4    ####...
 Fireball                 Conj/Fire      ##........   80%         5    ######.


Dungeon Overview and Level Annotations

Branches:
Dungeon (2/15)

Altars:


Innate Abilities, Weirdness & Mutations

You cannot wear most types of armour.
You are very stealthy in the water. (Stealth+)
You are amphibious.
You can wear up to eight rings at the same time.
You can use your tentacles to constrict eight enemies at once.
Your skin changes colour to match your surroundings (Stealth+).
Your rubbery body absorbs attacks. (AC +1, EV +1)
Scrolls take you a little longer to read.
Your flesh is cold resistant. (rC+)


Message History

Casting: Foxfire (safe; 4% risk of failure)
Confirm with . or Enter, or press ? or * to list all spells.
You conjure some foxfire!
The adder bites you.
You are poisoned.
The adder poisons you!
You hit the adder but do no damage. Your grab misses the adder.
The adder is moderately wounded.
You feel sick.
The foxfire hits the adder but does no damage.
The adder is moderately wounded.
The foxfire hits the adder.
The adder is almost dead.
The adder bites you.
* * * LOW HITPOINT WARNING * * *
The adder bites you.
* * * LOW HITPOINT WARNING * * *
Casting: Foxfire (safe; 4% risk of failure)
Confirm with . or Enter, or press ? or * to list all spells.
You conjure some foxfire!
The adder bites you.
You die...

#### #... #.). #... ######
#####...
......##############.......
#........v@##.....)..###...
#.......÷vS)..######## #..#
#.........##.......#####.##
#......#.#######.#.........
.......#.# #######.#.
!......#.# #.#. #......#..
#... ###.#.#### #.<# #.#"
#..#


You could see an adder.

Vanquished Creatures
  4 oozes (D:1)
  A worm (D:2)
  2 dart slugs (D:1)
  2 leopard geckos
  5 bats
  A giant cockroach (D:1)
  3 hobgoblins
  9 jackals
  2 frilled lizards (D:1)
  4 goblins
  4 kobolds (D:1)
  2 rats (D:1)
39 creatures vanquished.

Vanquished Creatures (others)
  81 foxfires
81 creatures vanquished.

Grand Total: 120 creatures vanquished

Notes
Turn   | Place    | Note
-------+----------+-------------------------------------------
     0 | D:1      | DerDa the Octopode Fire Elementalist began the quest for
                  | the Orb.
     0 | D:1      | Reached XP level 1. HP: 11/11 MP: 3/3
   149 | D:1      | Reached XP level 2. HP: 16/17 MP: 0/5
   345 | D:1      | Reached XP level 3. HP: 18/21 MP: 1/6
   911 | D:1      | Gained mutation: Scrolls take you a little longer to read.
                  | [potion of mutation]
   911 | D:1      | Gained mutation: Your flesh is cold resistant. (rC+)
                  | [potion of mutation]
  1036 | D:2      | Reached XP level 4. HP: 27/27 MP: 4/8
  1173 | D:2      | Slain by an adder

Levels and vault maps discovered:
D:1:      erik_arrival_gehennom, layout_loops_ring, serial_glass,
          glass_columns_a, glass_columns_b
D:2:      layout_rooms, st_stairs_14, minmay_misc_feat_ornament

Skill      XL: |  1  2  3  4 |
---------------+-------------+-----
Spellcasting   | 3 |  3.1
Conjurations   | 2 |  2.0
Dodging        | |  2.0
Stealth        | |  2.6
Fire Magic     | |  3.5

Action                   |  1- 3 |  4- 6 || total
-------------------------+-------+-------++-------
Melee: Short sword       |    31 |    13 ||    44
       Constrict         |     9 |     5 ||    14
       Tentacles         |     1 |     3 ||     4
       Unarmed           |     1 |       ||     1
 Cast: Foxfire           |    41 |    10 ||    51
  Use: Potion            |     2 |       ||     2
 Stab: Sleeping          |     5 |       ||     5
  Eat: Chunk             |     1 |       ||     1
Armor: Skin              |     1 |     2 ||     3
Dodge: Dodged            |    38 |    17 ||    55

Table legend:
 A = Non-vault XP
 B = Vault XP
 C = Vault XP percentage of total XP
 D = Non-vault monster count
 E = Vault monster count
 F = Vault count percentage of total count
                 A         B        C        D         E       F
            +---------+---------+-------+---------+---------+-------
      Total |      79 |      17 |  17.7 |      34 |       5 |  12.8
            +---------+---------+-------+---------+---------+-------
        D:1 |      57 |      17 |  23.0 |      24 |       5 |  17.2
        D:2 |      22 |       0 |   0.0 |      10 |       0 |   0.0
            +---------+---------+-------+---------+---------+-------
